 Dungeon Crawl Stone Soup version 0.26-b1-32-g5d43845318 (webtiles) character file.

Game seed: 18411804714882247742

542 Borgoz the Skirmisher (level 7, -7/60 HPs)
             Began as a Ghoul Gladiator on Jan 13, 2021.
             Mangled by an ogre
             ... wielding a +0 giant club
              (17 damage)
             ... on level 5 of the Dungeon.
             The game lasted 00:03:45 (4709 turns).

Borgoz the Skirmisher (Ghoul Gladiator)             Turns: 4709, Time: 00:03:45

Health: -7/60      AC:  5    Str: 24    XL:     7   Next: 27%
Magic:  6/6        EV: 13    Int:  3    God:
Gold:   175        SH:  0    Dex: 12    Spells: 6/6 levels left

rFire    . . .     SeeInvis .   a - +0 flail
rCold    + . .     Faith    .   (no shield)
rNeg     + + +     Spirit   .   b - +0 leather armour
rPois    ∞         Reflect  .   c - +0 helmet
rElec    .         Harm     .   (no cloak)
rCorr    .         Rampage  .   (no gloves)
Will     .....                  f - +0 pair of boots
Stlth    +.........             (no amulet)
HPRegen  0.00/turn              h - +6 ring of strength
MPRegen  0.10/turn              (no ring)

@: no status effects
A: claws 1, cold resistance 1, negative energy resistance 3, inhibited
regeneration, torment resistance, unbreathing
a: no special abilities


You were on level 5 of the Dungeon.
You visited 1 branch of the dungeon, and saw 5 of its levels.

You collected 175 gold pieces.

Inventory:

Hand Weapons
 a - a +0 flail (weapon)
Missiles
 d - a throwing net (quivered)
Armour
 b - a +0 leather armour (worn)
 c - a +0 helmet (worn)
 f - a +0 pair of boots (worn)
Jewellery
 h - a +6 ring of strength (left claw)
 j - a +6 ring of intelligence
Scrolls
 k - 2 scrolls of magic mapping
 l - a scroll of enchant armour {unknown}
 n - 2 scrolls of fear
Potions
 e - a potion of lignification
 g - 2 potions of degeneration
 m - a potion of resistance
 o - 2 potions of attraction


   Skills:
 * Level 4.5 Fighting
 * Level 4.3 Maces & Flails
 - Level 1.7 Throwing
 * Level 3.1 Armour
 * Level 4.4 Dodging


You had 6 spell levels left.
You didn't know any spells.
Your spell library was empty.

Dungeon Overview and Level Annotations

Branches:
Dungeon (5/15)
 Temple: D:4-7

Altars:
Cheibriados
Vehumet

Annotations:
D:4 Pikel


Innate Abilities, Weirdness & Mutations

You thrive by killing the living.
You are immune to poison.
You have sharp fingernails.
Your flesh is cold resistant. (rC+)
You are immune to negative energy. (rN+++)
You do not regenerate when monsters are visible.
You are immune to unholy pain and torment.
You can survive without breathing.


Message History

You barely miss the quokka.
The quokka is almost dead.
The quokka bites you.
* * * LOW HITPOINT WARNING * * *
You hit the quokka.
You kill the quokka!
An ogre comes into view. It is wielding a +0 giant club.
The ogre shouts!
The ogre moves out of view.
You see here a worker ant corpse.
A leopard gecko comes into view.
You see here a throwing net.
You see here a worker ant corpse.
You see here a throwing net.
d - a throwing net You see here a worker ant corpse.
Things that are here:
a cursed -1 shortbow; 24 arrows The ogre hits you with a +0 giant club!
You die...

...........#
.......... ..
#.......# ..#
#.......##.$.#
#.....†..#....
#..<.)...'....
#...l.(..#....
#...O.(..#.....
#..@##..## ...#
#...##..### ..#
#.........# ..+
.......+.........#
#.......#.........#
#.......#.........#
#.......#...##....#
#......#...##....#
#......#...##....#


You could see an ogre and a leopard gecko.

Vanquished Creatures
  A sky beast (D:5)
  A centaur (D:5)
  A lemure (D:5)
  A bullfrog zombie (D:3)
  A hound (D:5)
  2 centaur skeletons (D:5)
  A bullfrog skeleton (D:5)
  An orc wizard (D:3)
  A worker ant (D:5)
  7 adders
  2 ufetubi (D:5)
  2 adder skeletons
  A worm (D:3)
  4 dart slugs
  A leopard gecko (D:3)
  4 orcs (D:3)
  A ball python (D:3)
  3 giant cockroaches
  8 goblins
  8 hobgoblins
  4 jackals
  10 kobolds
  3 quokkas
  7 bats
  4 frilled lizards
  10 rats
89 creatures vanquished.

Notes
Turn   | Place    | Note
-------+----------+-------------------------------------------
     0 | D:1      | Borgoz the Ghoul Gladiator began the quest for the Orb.
     0 | D:1      | Reached XP level 1. HP: 17/17 MP: 0/0
   239 | D:1      | Reached XP level 2. HP: 25/25 MP: 1/1
   697 | D:1      | Reached XP level 3. HP: 29/30 MP: 2/2
   774 | D:1      | Reached skill level 1 in Armour
  1575 | D:2      | Reached XP level 4. HP: 36/37 MP: 3/3
  2054 | D:2      | Found a snail-covered altar of Cheibriados.
  2377 | D:3      | Found a radiant altar of Vehumet.
  2387 | D:3      | Reached XP level 5. HP: 36/45 MP: 4/4
  3752 | D:4      | Noticed Pikel
  3752 | D:4      | Noticed a lemure
  3752 | D:4      | Noticed a lemure
  3752 | D:4      | Noticed a lemure
  3753 | D:4      | Noticed a lemure
  3775 | D:5      | Entered Level 5 of the Dungeon
  3789 | D:5      | Killed a lemure
  4054 | D:5      | Reached XP level 6. HP: 30/52 MP: 5/5
  4316 | D:5      | Noticed a sky beast
  4327 | D:5      | Killed a sky beast
  4686 | D:5      | Reached XP level 7. HP: 20/59 MP: 6/6
  4709 | D:5      | Mangled by an ogre

Illustrated notes

Levels and vault maps discovered:
D:1:      amcnicky_arrival_feature_with_door, layout_loops_corners,
          kennysheep_crisscross
D:2:      layout_basic, kennysheep_slug_shrine, minmay_increasing_density
D:3:      layout_basic, old_standard_altar, amcnicky_mini_rare_corridor_liquid,
          grunt_decor_one_mirror, kennysheep_generic_room_13
D:4:      layout_loops_cross, kennysheep_okawaru_gauntlet, uniq_pikel
D:5:      layout_gridville, nicolae_overflow_crystal_walls, minivault_1,
          chequers_serial_rivers_micro_a, eino_tiny_chamber,
          uniq_crazy_yiuf_cottage

Skill      XL: |  1  2  3  4  5  6  7 |
---------------+----------------------+-----
Maces & Flails | 3 4 |  4.3
Dodging        | 3 4 |  4.4
Armour         | 1 2 3 |  3.1
Fighting       | 3 4 |  4.5
Throwing       | |  1.7

Action                   |  1- 3 |  4- 6 |  7- 9 || total
-------------------------+-------+-------+-------++-------
Melee: Flail             |    92 |   248 |     9 ||   349
Throw: Throwing net      |       |     1 |     2 ||     3
  Use: Scroll            |     2 |     9 |       ||    11
       Potion            |       |     2 |     1 ||     3
 Stab: Sleeping          |     2 |       |       ||     2
Armor: Leather armour    |    24 |    94 |     4 ||   122
Dodge: Dodged            |    78 |   241 |    19 ||   338
